 Dungeon Crawl Stone Soup version 0.27-a0-1302-g7736ffe575 (webtiles) character file.

Game seed: 16172811723204593417

142 AuftragZ the Gusty (level 5, -4/21 HPs)
             Began as a Felid Air Elementalist on June 18, 2021.
             Killed by nerve-wracking pain
             ... invoked by an orc priest
              (14 damage)
             ... on level 4 of the Dungeon.
             The game lasted 00:18:13 (4420 turns).

AuftragZ the Gusty (Felid Air Elementalist)         Turns: 4420, Time: 00:18:14

Health: -4/21      AC:  1    Str:  4    XL:     5   Next: 3%
Magic:  2/11       EV: 18    Int: 18    God:
Gold:   150        SH:  0    Dex: 16    Spells: 8/11 levels left
                                        Lives:  0   Deaths: 1

rFire    . . .     SeeInvis +   (weapon unavailable)
rCold    . . .     Faith    .   (shield unavailable)
rNeg     . . .     Spirit   .   (armour unavailable)
rPois    .         Reflect  .   (helmet unavailable)
rElec    .         Harm     .   (cloak unavailable)
rCorr    .         Rampage  .   (gloves unavailable)
Will     .....                  (boots unavailable)
Stlth    ++........             (no amulet)
HPRegen  0.07/turn              (no ring)
MPRegen  0.12/turn              (no ring)

@: quick
A: very small, claws 1, fangs 3, see invisible, speed 1, shaggy fur 1, stealthy
paws, no weapons or thrown items, no armour, multi-lived
a: no special abilities


You were on level 4 of the Dungeon.
You visited 1 branch of the dungeon, and saw 4 of its levels.

You collected 150 gold pieces.

Inventory:

Scrolls
 a - a scroll of identify
 e - 2 scrolls of magic mapping {unknown}
 h - a scroll of enchant weapon {unknown}
 i - a scroll of blinking {unknown}
 j - 2 scrolls of teleportation {unknown}
 l - a scroll of fog {unknown}
Potions
 b - 2 potions of lignification {unknown}
 c - 2 potions of heal wounds
 d - a potion of resistance {unknown}
 f - a potion of curing {unknown}
 k - 2 potions of mutation {unknown}


   Skills:
 + Level 3.4 Dodging
 + Level 2.7 Stealth
 + Level 3.6 Spellcasting
 + Level 2.3 Conjurations
 + Level 3.9 Air Magic


You had 8 spell levels left.
You knew the following spells:

 Your Spells              Type           Power      Damage    Failure   Level
a - Shock                 Conj/Air       56%        1d6       4%          1
b - Searing Ray           Conj           22%        3d3       9%          2

Your spell library contained the following spells:

 Spells                   Type           Power      Damage    Failure   Level
 Magic Dart               Conj           44%        1d5       6%          1
 Static Discharge         Conj/Air       14%        N/A       6%          2
 Swiftness                Air            17%        N/A       9%          3
 Sandblast                Erth           6%         2d5       16%         1
 Summon Small Mammal      Summ           12%        N/A       16%         1
 Call Imp                 Summ           3%         N/A       24%         2
 Passwall                 Tmut/Erth      2%         N/A       24%         2
 Dazzling Flash           Conj/Hex       14%        N/A       28%         3
 Stone Arrow              Conj/Erth      14%        3d7       28%         3
 Airstrike                Air            8%         N/A       30%         4
 Call Canine Familiar     Summ           3%         N/A       43%         3
 Summon Guardian Golem    Hex/Summ       3%         N/A       43%         3
 Summon Lightning Spire   Summ/Air       10%        N/A       56%         4
 Fulminant Prism          Conj/Hex       3%         3d6       67%         4
 Iskenderun's Mystic Bla  Conj/Tloc      7%         2d4       67%         4
 Lightning Bolt           Conj/Air       7%         1d19      75%         5
 Petrify                  Tmut/Erth      3%         N/A       83%         4
 Summon Ice Beast         Ice/Summ       3%         N/A       83%         4
 Lee's Rapid Deconstruct  Erth           1%         3d5*      99%         5


Dungeon Overview and Level Annotations

Branches:
Dungeon (4/15)
 Temple: D:4-7

Altars:
Hepliaklqana
Xom

Shops:
D:4 *


Innate Abilities, Weirdness & Mutations

You have sharp claws.
You have razor-sharp teeth.
You have supernaturally acute eyesight. (SInv)
You cover ground quickly. (Speed+)
You are covered in fur. (AC +1)
Your paws help you pounce on unaware monsters.
You are incapable of wielding weapons or throwing items.
You cannot wear armour.
You gain extra lives every three experience levels.


Message History

The orc priest completely misses you.
As you read the scroll of fear, it crumbles to dust.
You assume a fearsome visage.
The orc priest looks frightened!
An orc priest is nearby!
You start resting.
An orc wizard is nearby!
An orc wizard is nearby!
Casting: Shock (safe; 4% risk of failure)
Confirm with . or Enter, or press ? or * to list all spells.
Aiming: Searing Ray (safe; 10% risk of failure)
Press: ? - help, Shift-Dir - straight line, f - orc priest
Aim: an orc priest, wielding a +0 short sword and wearing a +0 leather armour (heavily wounded, 76% to hit)
The searing ray hits the orc wizard.
The orc wizard is moderately wounded.
The searing ray hits the orc priest.
The orc priest is severely wounded. (Press . to maintain the ray.)
The orc priest looks braver for a moment.
The orc wizard misses you.
The orc wizard points at you and mumbles some strange words.
You are confused.
You bump into the rock wall.
The orc wizard misses you.
The orc priest invokes the aid of Beogh against you.
The orc wizard writhes in agony!
The orc wizard dies!
Welcome back to level 5!
You bump into the rock wall.
The orc priest misses you.
You are too confused!
You bump into the rock wall.
You feel less confused. The orc priest barely misses you.
You scratch the orc priest. Your bite misses the orc priest.
The orc priest is almost dead.
The orc priest barely misses you. The orc completely misses you.
The orc priest mumbles some strange prayers to Beogh against you.
Pain shoots through your body!
Ouch! That really hurt!
You die...

####...# #. ###.# #.
#.#######. #.#....g..
#.#.###### #.#g# #.#.#
##### #.#.# #@..#
#.#.# #.o.#####'#.#
#.o....<....#
###)###.....# #.#)#
#.....# #.#.###)....#
#...[.)..g#.#
......#.#######.#####.
......#....# #.8.∩.<.


You could see an orc priest and an orc.

Vanquished Creatures
  An iguana (D:3)
  A hound skeleton (D:4)
  Robin (D:2)
  8 gnolls
  An adder (D:3)
  An adder skeleton (D:2)
  A worm (D:2)
  4 orcs (D:3)
  6 ball pythons
  7 endoplasms
  2 giant cockroaches (D:2)
  7 goblins
  3 hobgoblins
  8 jackals
  A quokka (D:1)
  2 bats
  A frilled lizard (D:2)
  3 kobolds
  3 rats
61 creatures vanquished.

Vanquished Creatures (others)
  An orc wizard (D:4)
1 creature vanquished.

Grand Total: 62 creatures vanquished

Notes
Turn   | Place    | Note
-------+----------+-------------------------------------------
     0 | D:1      | AuftragZ the Felid Air Elementalist began the quest for the
                  | Orb.
     0 | D:1      | Reached XP level 1. HP: 7/7 MP: 4/4
    75 | D:1      | Found a faded altar of an unknown god.
   460 | D:1      | Reached XP level 2. HP: 11/11 MP: 0/6
  1048 | D:2      | Reached skill level 1 in Conjurations
  1540 | D:2      | Noticed Robin
  1711 | D:2      | Reached XP level 3. HP: 10/14 MP: 0/7
  1884 | D:2      | Killed Robin
  2025 | D:2      | Found a shimmering altar of Xom.
  2232 | D:2      | Reached XP level 4. HP: 15/18 MP: 0/9
  2876 | D:3      | Learned a level 2 spell: Searing Ray
  3061 | D:3      | Found a hazy altar of Hepliaklqana.
  3740 | D:3      | Reached XP level 5. HP: 21/21 MP: 8/11
  4005 | D:4      | Noticed a centaur
  4007 | D:4      | Shot with an arrow by a centaur
  4008 | D:4      | Reached XP level 4. HP: -6/18 MP: 9/10
  4011 | D:4      | Found Neumov's Assorted Antiques.
  4112 | D:4      | Identified the +6 tower shield of Mirth {+Blink rPois Will-
                  | Stlth-}
  4414 | D:4      | Reached XP level 5. HP: 9/21 MP: 1/11
  4420 | D:4      | Killed from afar by an orc priest

Illustrated notes

Levels and vault maps discovered:
D:1:      saegor_arrival_simple_a, layout_loops_ring,
          ebering_ecumenical_altar_box
D:2:      layout_loops_ring, basic_altar, uniq_robin
D:3:      layout_loops_ring, overflow_temple_1_default, serial_co_window_serial,
          co_window_paths_b, co_window_paths_a, co_window_of_opportunity_a,
          co_window_paths_a, co_window_corner_a, co_window_cross_4,
          co_window_paths_c, co_window_unsneaky_path_b, co_window_corner_cb,
          co_window_broadway_a, co_window_2corner, co_window_cross_2,
          glass_columns_c, glass_columns_c, glass_columns_c, glass_columns_b,
          chequers_decorated_corner
D:4:      layout_basic, gammafunk_temple_overflow_wave, lemuel_doored_altar,
          serial_shops, shop_statue

Skill      XL: |  1  2  3  4 |
---------------+-------------+-----
Air Magic      | 3 |  3.9
Dodging        | 3 |  3.4
Conjurations   | 1 2 |  2.3
Spellcasting   | 3 |  3.6
Stealth        | |  2.7

Action                   |  1- 3 |  4- 6 || total
-------------------------+-------+-------++-------
Melee: Unarmed           |    14 |     3 ||    17
       Bite              |     1 |       ||     1
 Cast: Shock             |   102 |    57 ||   159
       Searing Ray       |       |    11 ||    11
  Use: Scroll            |     1 |     2 ||     3
       Potion            |     1 |       ||     1
 Stab: Fleeing           |       |     1 ||     1
Armor: Skin              |     2 |       ||     2
Dodge: Dodged            |    33 |    14 ||    47

Table legend: (Time is in decaauts)
 A = Elapsed time spent in this place.
 B = Non-inter-level travel time spent in this place.
 C = Inter-level travel time spent in this place.
 D = Time resting spent in this place.
 E = Time spent auto-exploring this place.
 F = Levels seen in this place.
 G = Mean time per level.
                   A        B        C        D        E       F      G
               +--------+--------+--------+--------+--------+-----+--------+
         Total |   3893 |   3893 |      0 |    825 |   2250 |   4 |  973.2 |
       Dungeon |   3893 |   3893 |      0 |    825 |   2250 |   4 |  973.2 |
               +--------+--------+--------+--------+--------+-----+--------+

Top non-repeatable levels by time:
     D:2: 1683 daAuts
     D:3: 1057 daAuts
     D:1: 772 daAuts
     D:4: 380 daAuts
